 Dungeon Crawl Stone Soup version 0.31.0-11-ge490571c62 (webtiles) character file.

Game seed: 8415639215763818655

279903 Yore the Slayer (level 20, 0/220 HPs)
             Began as a Gargoyle Fighter on Feb 5, 2024.
             Was the Champion of the Shining One.
             Killed from afar by Xtahua (23 damage)
             ... with a searing blast
             ... on level 3 of the Vaults.
             The game lasted 01:25:36 (43765 turns).

Yore the Slayer (Gargoyle Fighter)                 Turns: 43765, Time: 01:25:37

Health: 0/220      AC: 40    Str: 27    XL:     20   Next: 86%
Magic:  17/31      EV:  7    Int:  6    God:    the Shining One [******]
Gold:   1255       SH: 17    Dex: 13    Spells: 19/19 levels left

rFire   + . .        J - +8 whip "Snakebite" {venom, curare, rPois}
rCold   + + .        V - +0 kite shield {reflect}
rNeg    + + +        g - +0 gold dragon scales
rPois   ∞            d - +2 hat
rElec   +            H - +0 cloak
rCorr   +            y - +0 pair of gloves
SInv    .            (no boots)
Will    +....        K - amulet of reflection Stlth
                     U - ring "Derebiob" {rC+ Str+3}
HPRegen 0.56/turn    f - ring of resist corrosion
MPRegen 0.22/turn

%: reflection
@: berserking, flying, glowing, very quick
A: sickness immunity, AC +15, big wings, negative energy resistance 1,
electricity resistance, torment resistance 1, petrification resistance, dopey 2
}: 1/15 runes: decaying
a: Renounce Religion, Divine Shield, Cleansing Flame, Summon Divine Warrior,
Brand Weapon With Holy Wrath


You were on level 3 of the Vaults.
You worshipped the Shining One.
The Shining One was exalted by your worship.
You visited 8 branches of the dungeon, and saw 34 of its levels.
You also visited: Sewer and Bailey.

You collected 3243 gold pieces.
You spent 1988 gold pieces at shops.

Inventory:

Hand Weapons
 G - a +5 sacred scourge of holy wrath
 J - the +8 whip "Snakebite" (weapon) {venom, curare, rPois}
   (You found it on level 1 of the Lair of Beasts)

   rPois:     It protects you from poison
Missiles
 s - 35 boomerangs (quivered)
 N - 3 throwing nets
 X - a javelin
Armour
 d - a +2 hat (worn)
 g - +0 gold dragon scales (worn)
 y - a +0 pair of gloves (worn)
 H - a +0 cloak (worn)
 V - a +0 kite shield of reflection (worn)
Jewellery
 f - a ring of resist corrosion (right hand)
 v - a ring of willpower
 I - a ring of fire
 K - an amulet of reflection (around neck)
 U - the ring "Derebiob" (left hand) {rC+ Str+3}
   (You found it on level 1 of the Swamp)

   [ring of protection from cold]

   Str+3:     It affects your strength (+3).
   rC+:       It protects you from cold.
Wands
 a - a wand of roots (17)
 b - a wand of mindburst (45)
 i - a wand of polymorph (4)
 w - a wand of flame (52)
 x - a wand of quicksilver (31)
 F - a wand of charming (28)
Scrolls
 j - 12 scrolls of teleportation
 k - 5 scrolls of enchant weapon
 n - 6 scrolls of blinking
 o - 3 scrolls of revelation
 p - 5 scrolls of fog
 u - 5 scrolls of fear
 B - 3 scrolls of identify
 C - 2 scrolls of enchant armour
 D - 2 scrolls of butterflies
 L - 2 scrolls of poison
 M - 2 scrolls of silence
 R - a scroll of vulnerability
 T - a scroll of amnesia
Potions
 e - a potion of berserk rage
 h - 7 potions of haste
 l - 8 potions of magic
 m - 7 potions of brilliance
 q - a potion of heal wounds
 r - 9 potions of curing
 t - 2 potions of cancellation
 z - 3 potions of resistance
 A - a potion of ambrosia
 O - 2 potions of lignification
 P - 8 potions of might
 Q - 5 potions of enlightenment
 S - 3 potions of mutation
Miscellaneous
 c - a condenser vane
 E - a lightning rod (4/4)


   Skills:
 * Level 22.9 Fighting
 - Level 16.0 Maces & Flails
 + Level 6.3 Throwing
 - Level 15.0 Armour
 - Level 5.0 Dodging
 + Level 11.8 Shields
 + Level 15.5 Invocations
 + Level 7.2 Evocations


You had 19 spell levels left.
You didn't know any spells.
Your spell library contained the following spells:

 Spells                   Type           Power      Damage    Failure   Level
 Apportation              Tloc           0%         N/A       100%        1
 Magic Dart               Conj           0%         1d3       100%        1
 Blink                    Tloc           0%         N/A       100%        2
 Call Imp                 Summ           0%         N/A       100%        2
 Jinxbite                 Hex            0%         N/A       100%        2
 Lesser Beckoning         Tloc           0%         N/A       100%        2
 Searing Ray              Conj           0%         2d4       100%        2
 Static Discharge         Conj/Air       0%         3-3/arc   100%        2
 Call Canine Familiar     Summ           0%         N/A       100%        3
 Gell's Gravitas          Tloc           0%         N/A       100%        3
 Sigil of Binding         Hex            0%         N/A       100%        3
 Teleport Other           Tloc           0%         N/A       100%        3
 Tukima's Dance           Hex            0%         N/A       100%        3
 Airstrike                Air            0%         2d(0-16)  100%        4
 Dimensional Bullseye     Hex/Tloc       0%         N/A       100%        4
 Fulminant Prism          Conj/Alch      0%         3d5       100%        4
 Leda's Liquefaction      Alch/Erth      0%         N/A       100%        4
 Passage of Golubria      Tloc           0%         N/A       100%        4
 Summon Lightning Spire   Summ/Air       0%         N/A       100%        4
 Alistair's Intoxication  Alch           0%         N/A       100%        5
 Lee's Rapid Deconstruct  Erth           0%         3d4*      100%        5
 Summon Forest            Summ/Tloc      0%         N/A       100%        5
 Yara's Violent Unravell  Hex/Alch       0%         3d3       100%        5
 Bombard                  Conj/Erth      0%         9d1       100%        6
 Dispersal                Tloc           0%         N/A       100%        6
 Eringya's Noxious Bog    Alch           0%         4d6       100%        6
 Summon Hydra             Summ           0%         N/A       100%        7


Dungeon Overview and Level Annotations

Branches:
Dungeon (13/15)            Temple (1/1) D:7            Lair (5/5) D:9
  Swamp (4/4) Lair:3        Snake (4/4) Lair:2        Slime (0/5) Lair:4
    Orc (2/2) D:10            Elf (0/3) Orc:2        Vaults (3/5) D:13
  Crypt (2/3) Vaults:2      Sewer (visited)          Bailey (visited)

Altars:
Ashenzari
Cheibriados
Dithmenos
Elyvilon
Fedhas
Gozag
Hepliaklqana
Kikubaaqudgha
Makhleb
Nemelex Xobeh
Okawaru
Qazlal
Ru
Sif Muna
Trog
Uskayaw
Vehumet
Wu Jian
Xom
Yredelemnul
Zin
The Shining One
Jiyva

Shops:
D:6 (!   Orc:2 ([*=   Snake:1 (   Snake:2 [*

Annotations:
D:3 3 runed translucent doors, Greth's ghost, amateur TrFi
D:5 1 runed translucent door, Crazy Yiuf
Lair:1 exclusion: oklob plant
Vaults:3 Xtahua


Innate Abilities, Weirdness & Mutations

You are immune to sickness and miasma.
Your stone body is resilient. (AC +15)
You are immune to poison.
Your large and strong wings let you fly.
You resist negative energy. (rN+)
You are resistant to electric shocks. (rElec)
You are resistant to unholy torment.
You are immune to petrification.
You are very dopey. (Int -4)


Message History

Xtahua is smitten.
You whack Xtahua!
Xtahua is heavily wounded.
Your angel hits Xtahua with a +3 whip of holy wrath! x2
You whack Xtahua!
Xtahua is poisoned.
Xtahua is heavily wounded.
You hit Xtahua but do no damage.
Xtahua is heavily wounded.
Your angel barely misses Xtahua.
Your angel hits Xtahua but does no damage.
Xtahua barely misses your angel. x3
Your daeva calls down the wrath of the Shining One upon Xtahua.
Xtahua is smitten.
You hit Xtahua but do no damage.
Xtahua looks as sick as possible!
Xtahua is severely wounded.
Your angel hits Xtahua but does no damage. x2
You whack Xtahua!
Xtahua is severely wounded.
Xtahua roars, "I HATE BEING BOTHERED!"
Xtahua bites you!
* * * LOW HITPOINT WARNING * * *
Xtahua claws you but does no damage. You block Xtahua's attack.
You hit Xtahua but do no damage.
Xtahua is severely wounded.
Your daeva hits Xtahua with a +5 scimitar of holy wrath.
Your daeva hits Xtahua but does no damage.
Your angel barely misses Xtahua.
Your angel hits Xtahua but does no damage.
You whack Xtahua!
Xtahua is severely wounded.
You hit Xtahua.
Xtahua is severely wounded.
Your angel hits Xtahua with a +3 whip of holy wrath!!
Your angel barely misses Xtahua.
Xtahua breathes fire at you. The searing blast hits you!! You resist.
* * * LOW HITPOINT WARNING * * *
The searing blast hits you!! You resist.
You die...
Xtahua growls, "COMING HERE WAS YOUR LAST MISTAKE."

...####......#......+
...####......'......#
.....##.<....#...>..#
##...##......#......#
#...##......#......#
##'###'########'#####
#.......# #.......#
#.......# #.#...#.#
#...)...# #..@....#
#.......# #..ADA..#
#.......# #...)...#
#.......# #.#...#.#
#....<..# #.......#
###''#### #####''##
.... ... .... .....


You could see Xtahua (extremely poisoned, catching breath, ally target), a
friendly daeva (summoned) and a friendly angel (summoned).

Vanquished Creatures
  Saint Roka (Snake:2)
  Mlioglotl (Swamp:1)
  A lich (Vaults:1)
  Gastronok (Lair:2)
  Aizul (Snake:1)
  A thorn hunter (Swamp:3)
  Kirke (Swamp:1)
  4 vault wardens (Vaults:1)
  7 ironbound preservers
  An orc warlord (Vaults:1)
  2 deep elf death magi (Crypt:1)
  4 ironbound thunderhulks
  5 eleionomae
  2 bunyips
  2 vampire knights
  3 dire elephants
  The ghost of TheBioAlchemist the Mimic, a journeyman TrFi of Wu Jian (D:11)
  A great orb of eyes (Vaults:1)
  An ettin (Vaults:1)
  A fire dragon (Lair:5)
  Fannar (D:11)
  4 yaktaur captains
  An entropy weaver (Vaults:2)
  2 vault guards (Vaults:1)
  An ice dragon (Lair:5)
  Harold (Lair:2)
  20 hydras
  A centaur warrior (D:10)
  2 ghost crabs
  19 alligators
  4 ironbound frosthearts
  Erolcha (D:10)
  2 death knights (Crypt:1)
  Erica (Lair:1)
  3 boulder beetles
  4 anacondas
  7 death yaks
  3 tengu warriors (D:13)
  2 two-headed ogres
  2 alligator snapping turtles (Snake:1)
  9 naga warriors
  2 vampire magi (Crypt:1)
  2 orc high priests
  A hell hog (Lair:5)
  An occultist (D:13)
  3 naga sharpshooters
  7 shock serpents
  10 skeletal warriors
  A deep elf knight (D:13)
  2 skysharks
  2 soul eaters
  A spriggan druid (Swamp:4)
  10 swamp dragons
  5 goliath frogs
  3 sea snakes (Snake:1)
  4 salamander mystics
  5 arcanists
  5 naga ritualists
  A flayed ghost (Crypt:1)
  24 deep trolls
  2 bog bodies
  A deep elf archer (D:13)
  7 lindwurms
  A deep elf zephyrmancer (D:13)
  A glowing orange brain (Vaults:2)
  5 ironbound convokers
  A deep elf pyromancer (D:12)
  5 orc knights
  3 phantasmal warriors (Crypt:1)
  8 mana vipers
  11 ugly things
  3 orc sorcerers
  2 manticores
  2 will-o-the-wisps (Swamp:4)
  14 salamanders
  A fire giant skeleton (Crypt:1)
  3 guardian serpents
  A cyclops (D:11)
  5 vault sentinels (Vaults:1)
  A shock serpent zombie (Crypt:1)
  44 black mambas
  4 centaur skeletons (D:13)
  2 rust devils
  12 cane toads
  2 gargoyles
  11 naga magi
  A torpor snail (Lair:4)
  Jeremiah (D:6)
  2 orange demons (D:9)
  3 unseen horrors
  7 komodo dragons
  11 yaktaurs
  2 freezing wraiths (Crypt:1)
  4 trolls
  A hellwing (D:10)
  13 polar bears
  11 tyrant leeches
  A harpy skeleton (Crypt:1)
  6 hornets
  6 raiju (Lair:5)
  2 dream sheep (Lair:4)
  2 snapping turtles (Snake:1)
  10 slime creatures
  31 blink frogs
  A shadow (D:11)
  A culicivora (Vaults:2)
  4 vampires
  7 spriggans
  4 wraiths
  7 wyverns
  4 basilisks
  36 yaks
  A hog (Swamp:1)
  2 redbacks (Vaults:2)
  8 wargs
  3 steam dragons
  A neqoxec (D:9)
  3 vampire mosquitoes (D:12)
  4 acid dragons
  36 nagas
  16 swamp worms
  19 water moccasins
  11 hell hounds (Lair:5)
  Pargi (Sewer)
  8 swamp drakes
  17 black bears
  35 orc warriors
  A sky beast (D:6)
  7 laughing skulls (Crypt:1)
  2 ice beasts (D:7)
  30 wolves
  A boggart (D:13)
  7 ogres
  5 centaurs
  A manticore skeleton (Crypt:1)
  2 phantoms (D:7)
  12 kobold brigands
  2 brain worms (Sewer)
  12 bullfrogs
  A gnoll sergeant (D:6)
  2 scorpions
  7 wights
  A komodo dragon skeleton (Crypt:1)
  A raiju zombie (Crypt:1)
  35 killer bees
  6 wolf zombies (Bailey)
  4 electric eels
  7 vampire bats (Bailey)
  4 howler monkeys
  2 quasits
  23 orc priests
  2 hounds
  2 gnoll boudas (D:5)
  5 jellies
  2 sleepcaps
  Jessica (D:2)
  7 iguanas
  26 orc wizards
  6 hell rats (Lair:5)
  A hound zombie (D:3)
  A tengu skeleton (Crypt:1)
  15 gnolls
  8 adders
  2 shadow imps
  3 white imps (Lair:5)
  2 ufetubi (D:7)
  An adder zombie (D:3)
  An iguana zombie (Crypt:1)
  2 ribbon worms (D:3)
  7 dart slugs
  78 orcs
  9 endoplasms
  10 giant cockroaches
  6 goblins
  6 hobgoblins
  10 jackals
  30 kobolds
  9 ball pythons
  A ball python zombie (D:3)
  7 bats
  10 frilled lizards
  A gnoll skeleton (Crypt:1)
  26 orc zombies (Bailey)
  A quokka zombie (D:3)
  4 rats
  A butterfly (Lair:3)
  2 starspawn tentacles (Swamp:1)
1195 creatures vanquished.

Vanquished Creatures (collateral kills)
  Mennas (Vaults:2)
  the Lernaean hydra (Swamp:4)
  2 tentacled monstrosities (Snake:3)
  Frances (Swamp:1)
  A thorn hunter (Swamp:4)
  A fenstrider witch (Swamp:3)
  Donald (Swamp:4)
  An orc warlord (Orc:2)
  A shambling mangrove (Swamp:4)
  6 hydras
  An anaconda (Snake:2)
  An orc high priest (Orc:2)
  3 spriggans (Swamp:4)
  5 swamp dragons (Swamp:4)
  A goliath frog (Swamp:1)
  A mana viper (Snake:2)
  A naga ritualist (Snake:2)
  2 spriggan druids (Swamp:4)
  2 orc sorcerers (Orc:2)
  A naga mage (Snake:2)
  2 black mambas (Snake:2)
  4 hornets (Swamp:4)
  A tyrant leech (Swamp:1)
  3 nagas (Snake:2)
  2 swamp drakes (Swamp:4)
  An orc warrior (Orc:2)
  An orc wizard (Orc:2)
  2 orcs (Orc:2)
50 creatures vanquished.

Vanquished Creatures (others)
  3 hydras (Swamp:4)
  A goliath frog (Swamp:4)
  A swamp dragon (Swamp:4)
  A kobold demonologist (D:10)
  A bloated husk (Swamp:2)
  A human (Swamp:1)
  A naga (Snake:2)
  A dart slug (D:7)
  12 foxfires (Swamp:4)
22 creatures vanquished.

Grand Total: 1267 creatures vanquished

Notes
Turn   | Place    | Note
-------+----------+-------------------------------------------
     0 | D:1      | Yore the Gargoyle Fighter began the quest for the Orb.
     0 | D:1      | Reached XP level 1. HP: 14/14 MP: 1/1
   245 | D:1      | Reached XP level 2. HP: 19/19 MP: 2/2
   416 | D:1      | Found a faded altar of an unknown god.
   779 | D:1      | Reached XP level 3. HP: 24/24 MP: 3/3
  1139 | D:2      | Found an ornate altar of the Wu Jian Council.
  1197 | D:2      | Identified the +1 mace "Gylim" {freeze, +Blink rPois rF-
                  | Will+}
  1316 | D:2      | Noticed Jessica
  1329 | D:2      | Killed Jessica
  1330 | D:2      | Reached skill level 4 in Fighting
  1330 | D:2      | Reached XP level 4. HP: 24/29 MP: 4/4
  1540 | D:3      | Noticed Greth's ghost (amateur TrFi)
  1544 | D:3      | Found a runed translucent gate.
  1544 | D:3      | Found a runed translucent gate.
  1544 | D:3      | Found a runed translucent gate.
  1704 | D:3      | Noticed a kobold brigand
  1707 | D:3      | Noticed a kobold brigand
  1720 | D:3      | Killed a kobold brigand
  1721 | D:3      | Reached XP level 5. HP: 6/34 MP: 5/5
  1734 | D:3      | Killed a kobold brigand
  1735 | D:3      | Reached XP level 6. HP: 37/40 MP: 6/6
  1776 | D:3      | Reached skill level 5 in Fighting
  1950 | D:3      | Found a basalt altar of Yredelemnul.
  2155 | D:3      | Found a shimmering altar of Xom.
  2194 | D:3      | Found a snail-covered altar of Cheibriados.
  2550 | D:4      | Found a glowing drain.
  2554 | Sewer    | Entered a sewer
  2577 | Sewer    | Noticed Pargi
  2599 | Sewer    | Killed Pargi
  2600 | Sewer    | Reached XP level 7. HP: 24/45 MP: 7/7
  2714 | Sewer    | Reached skill level 5 in Maces & Flails
  2764 | Sewer    | Reached skill level 6 in Fighting
  3935 | D:5      | Entered Level 5 of the Dungeon
  3945 | D:5      | Reached skill level 5 in Armour
  4061 | D:5      | Reached XP level 8. HP: 49/52 MP: 8/8
  4291 | D:5      | Reached skill level 7 in Fighting
  4759 | D:5      | Identified the +1 war axe of Fimbulwinter {distort, *Noise
                  | Str+2 Int+3 SInv}
  4905 | D:5      | Found a runed translucent door.
  4906 | D:5      | Noticed Crazy Yiuf
  5225 | D:6      | Noticed Jeremiah
  5291 | D:6      | Killed Jeremiah
  5292 | D:6      | Reached skill level 8 in Fighting
  5423 | D:6      | Found Wotzu's Weapon Boutique.
  5525 | D:7      | Reached XP level 9. HP: 25/60 MP: 9/9
  5771 | D:7      | Found a hazy altar of Hepliaklqana.
  5827 | D:7      | Found a white marble altar of Elyvilon.
  5863 | D:7      | Found a staircase to the Ecumenical Temple.
  5929 | Temple   | Entered the Ecumenical Temple
  5936 | Temple   | Became a worshipper of the Shining One
  6336 | D:6      | Reached skill level 9 in Fighting
  6375 | D:6      | Found a transporter.
  6377 | D:6      | Found Moed's Distillery.
  6410 | D:6      | Found an iron altar of Okawaru.
  6417 | D:6      | Found a transporter.
  6425 | D:6      | Bought a potion of heal wounds for 50 gold pieces
  6501 | D:6      | Reached skill level 1 in Invocations
  6819 | D:6      | Reached skill level 1 in Throwing
  7377 | D:8      | Found a flagged portal.
  7396 | Bailey   | Entered a bailey
  7431 | Bailey   | Reached * piety under the Shining One
  7504 | Bailey   | Reached ** piety under the Shining One
  7510 | Bailey   | Reached XP level 10. HP: 65/67 MP: 11/11
  7567 | Bailey   | Reached *** piety under the Shining One
  7605 | Bailey   | Noticed a gargoyle
  7617 | Bailey   | Killed a gargoyle
  7618 | Bailey   | Reached skill level 10 in Fighting
  8207 | D:8      | Reached **** piety under the Shining One
  8571 | D:8      | Identified the +0 ring mail of Wu Jian's Reproof {Str+5
                  | Int+2}
  8679 | D:8      | Found a sacrificial altar of Ru.
  9069 | D:9      | Noticed a soul eater
  9113 | D:8      | Killed a soul eater
  9271 | D:9      | Noticed an orange demon
  9275 | D:10     | Entered Level 10 of the Dungeon
  9451 | D:10     | Reached skill level 11 in Fighting
  9451 | D:10     | Reached XP level 11. HP: 43/74 MP: 14/14
  9471 | D:10     | Reached skill level 10 in Maces & Flails
 10261 | D:9      | Reached skill level 5 in Invocations
 10588 | D:9      | Found a staircase to the Lair.
 11111 | D:10     | Noticed a two-headed ogre
 11123 | D:10     | Killed a two-headed ogre
 11211 | D:10     | Noticed Erolcha
 11430 | D:11     | Found a large runed translucent door.
 11430 | D:11     | Found a large runed translucent door.
 11435 | D:11     | Noticed TheBioAlchemist's ghost (journeyman TrFi)
 11497 | D:11     | Noticed a cyclops
 11517 | D:11     | Killed a cyclops
 11518 | D:11     | Reached skill level 12 in Fighting
 11903 | D:11     | Noticed Fannar
 12168 | D:10     | Noticed a centaur warrior
 12184 | D:10     | Killed a centaur warrior
 12185 | D:10     | Reached skill level 5 in Throwing
 12185 | D:10     | Reached XP level 12. HP: 78/81 MP: 16/16
 12254 | D:10     | Found a staircase to the Orcish Mines.
 12260 | D:10     | Reached skill level 1 in Dodging
 12466 | D:10     | Killed Erolcha
 13023 | Lair:1   | Entered Level 1 of the Lair of Beasts
 13221 | Lair:1   | Noticed a skyshark
 13233 | Lair:1   | Killed a skyshark
 13302 | Lair:1   | Noticed Erica
 13332 | Lair:1   | Killed Erica
 13490 | Lair:1   | Reached skill level 13 in Fighting
 13664 | Lair:1   | Found the +8 whip "Snakebite" {venom, curare, rPois}
 14180 | Lair:1   | Found a blossoming altar of Fedhas.
 14819 | Lair:2   | Noticed a skyshark
 14828 | Lair:2   | Killed a skyshark
 14867 | Lair:2   | Reached skill level 10 in Armour
 14984 | Lair:2   | Noticed Harold
 15168 | Lair:2   | Reached XP level 13. HP: 87/88 MP: 18/18
 15254 | Lair:2   | Noticed Gastronok
 15276 | Lair:2   | Killed Gastronok
 15942 | Lair:2   | You fall into a shaft and drop 1 floor!
 15953 | Lair:3   | Reached skill level 14 in Fighting
 16250 | Lair:3   | Identified the +8 spear of Jybi {flame, rCorr Int+3}
 16597 | Lair:3   | Found a staircase to the Swamp.
 16598 | Lair:3   | Reached ***** piety under the Shining One
 16833 | Lair:2   | Found a staircase to the Snake Pit.
 16909 | Lair:2   | Killed Harold
 17701 | Lair:4   | Found a staircase to the Slime Pits.
 17702 | Lair:4   | Found a viscous altar of Jiyva.
 17728 | Lair:4   | Gained mutation: Your large and strong wings let you fly.
                  | [Gargoyle growth]
 17728 | Lair:4   | Reached XP level 14. HP: 96/96 MP: 20/20
 17899 | Lair:4   | Identified the +2 leather armour of the Furies {rC++}
 18314 | Lair:4   | Reached skill level 15 in Fighting
 18496 | Lair:5   | Entered Level 5 of the Lair of Beasts
 18536 | Lair:5   | Reached skill level 5 in Dodging
 20817 | Lair:5   | Reached skill level 16 in Fighting
 21166 | Lair:5   | Reached ****** piety under the Shining One
 21431 | Lair:5   | Identified the +1 mace "Axeotoh" {pain, *Rage rF++}
 21446 | Lair:5   | Reached XP level 15. HP: 104/104 MP: 22/22
 21661 | Orc:1    | Entered Level 1 of the Orcish Mines
 22596 | Orc:2    | Entered Level 2 of the Orcish Mines
 23197 | Orc:2    | Found a staircase to the Elven Halls.
 23561 | Orc:1    | Reached skill level 15 in Maces & Flails
 23600 | Orc:1    | Reached skill level 10 in Invocations
 23773 | Orc:2    | Gained mutation: You are dopey. (Int -2) [a neqoxec]
 23775 | Orc:2    | Gained mutation: You are very dopey. (Int -4) [a neqoxec]
 23967 | Orc:2    | Noticed an orc warlord
 24220 | Orc:2    | Killed an orc warlord
 24599 | Orc:2    | Found Jesaschy's Antique Armour Shoppe.
 24600 | Orc:2    | Found Ogi Coubuha's Antique Weapon Shoppe.
 24602 | Orc:2    | Found Omitzik's General Store.
 24602 | Orc:2    | Found Karolah's Jewellery Emporium.
 24607 | Orc:2    | Bought a potion of mutation for 104 gold pieces
 24609 | Orc:2    | Bought a scroll of identify for 26 gold pieces
 24619 | Orc:2    | Bought a brightly glowing plate armour for 728 gold pieces
 24619 | Orc:2    | Identified the +2 plate armour "Hysusown" {Rampage +Inv
                  | rElec Dex-4} (You bought it in a shop on level 2 of the
                  | Orcish Mines)
 24835 | Swamp:1  | Entered Level 1 of the Swamp
 25273 | Swamp:1  | Noticed Kirke
 25294 | Swamp:1  | Killed Kirke
 25314 | Swamp:1  | Noticed Frances
 25339 | Swamp:1  | Killed Frances
 25340 | Swamp:1  | Reached skill level 17 in Fighting
 25493 | Swamp:1  | Identified the ring "Derebiob" {rC+ Str+3}
 25617 | Swamp:1  | Noticed Mlioglotl
 25622 | Swamp:1  | Noticed a tentacled starspawn
 25629 | Swamp:1  | Killed Mlioglotl
 27233 | Swamp:3  | Reached XP level 16. HP: 112/112 MP: 24/24
 27425 | Swamp:3  | Noticed a fenstrider witch
 27433 | Swamp:3  | Killed a fenstrider witch
 27676 | Swamp:3  | Noticed a thorn hunter
 27700 | Swamp:3  | Killed a thorn hunter
 27701 | Swamp:3  | Reached skill level 18 in Fighting
 27829 | Swamp:3  | Identified the +1 chain mail "Ugeycoun" {+Blink Fly MP+9
                  | Int+3}
 28078 | Swamp:4  | Entered Level 4 of the Swamp
 28090 | Swamp:4  | Noticed Donald
 28100 | Swamp:4  | Killed Donald
 28101 | Swamp:4  | Identified the +6 dagger of Qolu {freeze, rElec rC- rCorr
                  | Str-4}
 28412 | Swamp:4  | Noticed a thorn hunter
 28596 | Swamp:4  | Killed a thorn hunter
 28985 | Swamp:4  | Reached skill level 5 in Shields
 29643 | Swamp:4  | Noticed the 27-headed Lernaean hydra
 29655 | Swamp:4  | Killed the 27-headed Lernaean hydra
 29913 | Swamp:4  | Reached skill level 19 in Fighting
 29953 | Swamp:4  | Got a decaying rune of Zot
 30156 | Snake:1  | Entered Level 1 of the Snake Pit
 30294 | Snake:1  | Reached XP level 17. HP: 121/122 MP: 16/26
 31203 | Snake:1  | Found Hasyll's Weapon Shop.
 32276 | Snake:2  | Noticed Saint Roka
 32504 | Snake:2  | Identified the serpent talisman of the Sufficient Hippo
                  | {Dex+3}
 32504 | Snake:2  | Noticed Aizul
 32657 | Snake:1  | Killed Aizul
 32947 | Snake:2  | Killed Saint Roka
 33000 | Snake:2  | Reached skill level 20 in Fighting
 33314 | Snake:2  | Found Zimaics's Armour Shoppe.
 33448 | Snake:2  | Found Qorryrch's Assorted Antiques.
 33458 | Snake:2  | Bought a condenser vane for 1080 gold pieces
 33763 | Snake:3  | Reached skill level 1 in Evocations
 34237 | Snake:3  | Reached skill level 15 in Armour
 34471 | Snake:3  | Noticed a tentacled monstrosity
 34471 | Snake:3  | Noticed a tentacled monstrosity
 34491 | Snake:3  | Killed a tentacled monstrosity
 34497 | Snake:3  | Killed a tentacled monstrosity
 34498 | Snake:3  | Reached XP level 18. HP: 119/131 MP: 20/28
 34569 | Snake:3  | Identified the +2 shortbow of Natooc {antimagic, Fly rElec
                  | rCorr Str-3}
 34590 | Snake:3  | Found a hazy altar of Hepliaklqana.
 35241 | Snake:4  | Entered Level 4 of the Snake Pit
 36216 | Snake:4  | Reached skill level 21 in Fighting
 36647 | D:11     | Killed Fannar
 36874 | D:11     | Killed TheBioAlchemist's ghost
 37224 | D:12     | Identified the +1 short sword of Upumeati {vamp, Dex+4}
 38118 | D:13     | Found a gate to the Vaults.
 38684 | Vaults:1 | Entered Level 1 of the Vaults
 38768 | Vaults:1 | Reached skill level 10 in Shields
 39054 | Vaults:1 | Reached skill level 5 in Evocations
 39181 | Vaults:1 | Reached XP level 19. HP: 62/139 MP: 29/29
 39520 | Vaults:1 | Reached skill level 22 in Fighting
 39520 | Vaults:1 | Reached XP level 20. HP: 145/145 MP: 29/31
 39820 | Vaults:1 | Reached skill level 15 in Invocations
 41894 | Vaults:2 | Found a staircase to the Crypt.
 41894 | Vaults:2 | Found an ancient bone altar of Kikubaaqudgha.
 41895 | Vaults:2 | Found a basalt altar of Yredelemnul.
 42267 | Crypt:1  | Entered Level 1 of the Crypt
 42267 | Crypt:1  | Noticed Mennas
 42313 | Vaults:2 | Killed Mennas
 43741 | Vaults:3 | Noticed Xtahua
 43765 | Vaults:3 | Killed from afar by Xtahua

Illustrated notes

Levels and vault maps discovered:
D:1:      dpeg_arrival_rooms_with_view, layout_basic, basic_ecumenical_altar,
          amcnicky_mini_corridor_feature
D:2:      layout_rooms, basic_altar, kennysheep_doodads, uniq_jessica
D:3:      cheibrodos_thug_alley, layout_rooms, mainiacjoe_overflow_brackets,
          nicolae_yredelemnul_corpse_copse, slow_altar_2, gammafunk_ghost_split
D:4:      layout_layer_cave, mainiacjoe_sewer_entry_somewhere_in_here_2
D:5:      layout_loops_ring, uniq_crazy_yiuf_cottage
D:6:      layout_cave_pods, okawaru_trees_2, serial_column_ruins,
          column_ruins_hut_ruined, column_ruins_hut_ruined,
          column_ruins_columns_T, column_ruins_open_tiny,
          column_ruins_open_small, serial_shops, nicolae_shop_drivethru,
          nicolae_shop_bloodbath_and_beyond, uniq_jeremiah
D:7:      kennysheep_slugbush, layout_basic, grunt_temple_overflow_open,
          minmay_temple_entry_mist
D:8:      layout_basic, nicolae_ru_path_of_blood, enter_bailey_5
D:9:      layout_grid_maze, due_lair_maze_entry_diamond, serial_demonic,
          serial_demonic_c, serial_demonic_g, serial_demonic_g,
          serial_demonic_d, serial_demonic_e, serial_demonic_g, serial_demonic_c
D:10:     layout_basic, david_orc_3, st_stairs_7, uniq_erolcha
D:11:     layout_irregular_city, ebering_ghost_disaster_area, uniq_fannar
D:12:     layout_basic
D:13:     layout_loops_ring, hangedman_vaults_entry_quadrant_bands,
          minmay_misc_feat_encased, corexii_checkpoint
Temple:   nicolae_temple_no_exploring_needed
Lair:1:   minmay_guarded_unrand_snakebite, layout_small_grid,
          chequers_serial_rivers_large_a, hangedman_tree_tricks,
          infiniplex_staircase_pool, uniq_erica
Lair:2:   layout_chaotic_city, minmay_snake_entry_guardpost_medium,
          serial_forest, infiniplex_forest_clump_large,
          infiniplex_forest_lined_corner, infiniplex_forest_end_2,
          infiniplex_forest_diagonal, grunt_megastairs_3, uniq_harold,
          uniq_gastronok
Lair:3:   layout_gridlike, minmay_swamp_entry_worms, minivault_25,
          lemuel_fruit_fields
Lair:4:   layout_regular_city, minmay_slime_entry_pillars
Lair:5:   guppyfry_lair_end_dragon, layout_cave_pods,
          hangedman_lair_caniforms_friends, bobbens_ice_dragon_lair
Swamp:1:  layout_basic_swamp, hangedman_swamp_ruin_wall, swamp_pool_1_2,
          nicolae_swamp_some_circles, uniq_kirke, uniq_frances, uniq_mlioglotl
Swamp:2:  layout_falls_marsh, evilmike_swamp_ruin_rubble_2
Swamp:3:  layout_falls_marsh, nicolae_swamp_tree_isthmus
Swamp:4:  swamp_old_school, layout_basic_swamp, uniq_donald
Snake:1:  layout_onion, serial_shops, shop,
          nicolae_snake_herptile_family_reunion
Snake:2:  layout_rooms, serial_shops, nicolae_shop_hallway_plus, shop,
          uniq_saint_roka, uniq_aizul
Snake:3:  onia_ninara_swampy_vault, layout_basic, basic_altar
Snake:4:  grunt_snake_rune_serpentine_throne, layout_basic, serial_bayou_shore_b
Orc:1:    layout_diamond_mine, nicolae_orc_all_along_the_watchtower
Orc:2:    st_orc_congregation, layout_diamond_mine
Vaults:1: nicolae_vaults_little_ls, nicolae_vaults_spaceships,
          hangedman_vaults_pinch, nicolae_vaults_shipping_containers_4,
          nicolae_vaults_house_3, hangedman_vaults_river_flow,
          nicolae_vaults_doubleplus_tesselated, nicolae_vaults_double_plus_2,
          nicolae_vaults_mini_display_case, hangedman_vaults_stretched_pinwheel,
          nicolae_vaults_little_squares_3, ontoclasm_vaults_shuriken,
          nicolae_vaults_alarming, layout_vaults_maze_snakey
Vaults:2: ontoclasm_vaults_misaligned, minmay_crypt_entry_necro_gods,
          ontoclasm_vaults_spin, vaults_room_door_ring, vaults_room_pools,
          nicolae_vaults_double_plus_2, layout_vaults_omnigrid
Vaults:3: vaults_room_stairs_pillars, v_misc_19, hangedman_vaults_variations,
          v_misc_3, grunt_vaults_funnel, serial_library_hellmonk_open_cross,
          nicolae_vaults_you_can_take_it_with_you, vaults_dpeg_doors,
          nicolae_vaults_little_squares_1, nicolae_vaults_heart-shaped_vault,
          vaults_dpeg_emergency_exit, layout_vaults_omnibox, serial_shops,
          statue_bzr, uniq_xtahua
Crypt:1:  layout_regular_city, uniq_mennas
Crypt:2:  layout_gridlike, grunt_megastairs_5

Skill      XL: |  1  2  3  4  5  6  7  8  9 10 11 12 13 14 15 16 17 18 19 20 |
---------------+-------------------------------------------------------------+-----
Fighting       | 4 5 6 8 9 11 12 13 14 16 17 19 20 21 22 | 22.9
Maces & Flails | 3 4 5 7 8 9 11 12 13 14 16 | 16.0
Armour         | 4 5 6 7 8 9 10 11 12 14 15 | 15.0
Shields        | 4 6 8 10 11 | 11.8
Invocations    | 2 4 5 7 8 9 10 12 13 14 15 | 15.5
Throwing       | 1 3 5 6 |  6.3
Dodging        | 3 4 5 |  5.0
Evocations     | 2 5 7 |  7.2

Action                     |  1- 3 |  4- 6 |  7- 9 | 10-12 | 13-15 | 16-18 | 19-21 || total
---------------------------+-------+-------+-------+-------+-------+-------+-------++-------
  Melee: Flail             |   116 |   186 |    34 |       |       |       |       ||   336
         Morningstar       |       |       |   379 |   587 |       |       |       ||   966
         Whip              |       |       |       |   103 |  1680 |  1805 |   565 ||  4153
         Sacred scourge    |       |       |       |       |       |       |   166 ||   166
  Throw: Throwing net      |       |       |     1 |       |       |       |       ||     1
         Javelin           |       |       |       |    15 |    27 |     8 |     1 ||    51
 Invoke: Cleansing Flame   |       |       |       |    10 |     8 |    18 |     5 ||    41
         Divine Shield     |       |       |       |     4 |     2 |       |       ||     6
         Summon Divine War |       |       |       |       |     3 |     9 |     4 ||    16
  Evoke: Wand              |       |       |       |     8 |       |     2 |       ||    10
         Lightning rod     |       |       |       |       |       |     4 |       ||     4
         Condenser vane    |       |       |       |       |       |     1 |     1 ||     2
    Use: Potion            |       |     3 |     4 |     7 |       |     1 |     5 ||    20
         Scroll            |       |     8 |     5 |     5 |     4 |     8 |     3 ||    33
 Armour: Scale mail        |    76 |   107 |       |       |       |       |       ||   183
         Chain mail        |       |    62 |   389 |    62 |       |       |       ||   513
         Gold dragon scale |       |       |       |   150 |   701 |  1354 |   328 ||  2533
         Ring mail         |       |       |       |   494 |   243 |       |       ||   737
  Dodge: Dodged            |    69 |    82 |   157 |   306 |   329 |   295 |    84 ||  1322
  Block: Buckler           |    25 |    47 |   105 |   200 |   559 |    24 |       ||   960
         Reflection        |       |       |       |       |    25 |    73 |    13 ||   111
         Kite shield       |       |       |       |       |       |  1117 |   350 ||  1467
